 Dungeon Crawl Stone Soup version 0.16-a0-3149-g1169300 (webtiles) character file.

5518 Johnny the Nimble (level 11, -11/84 HPs)
             Began as a Human Hunter on Dec 15, 2014.
             Was a Priest of Trog.
             Mangled by a blink frog (16 damage)
             ... on level 1 of the Lair of Beasts.
             The game lasted 00:18:28 (8584 turns).

Johnny the Nimble (Human Hunter)                    Turns: 8584, Time: 00:18:28

Health: -11/84     AC:  9    Str: 12    XL:     11   Next: 1%
Magic:  0/11       EV: 19    Int: 11    God:    Trog [***...]
Gold:   476        SH:  0    Dex: 16    Spells: 0 memorised, 10 levels left

rFire  . . .     SeeInvis .     u - +3 quarterstaff (chaos)
rCold  . . .     Clarity  .     J - +0 leather armour {rPois}
rNeg   . . .     SustAb   .     (no shield)
rPois  +         Gourm    .     o - +0 helmet
rElec  .         Spirit   +     v - +0 cloak
rCorr  .         Warding  .     x - +0 pair of gloves
rMut   .         Stasis   .     I - +0 pair of boots
MR     .....                    e - amulet of guardian spirit
Stlth  ++........               t - ring of poison resistance (curse)
                                s - -2 ring of intelligence (curse)

@: not resistant to hostile enchantments, unstealthy
A: no striking features
a: Burn Spellbooks, Berserk, Trog's Hand, Renounce Religion


You were on level 1 of the Lair of Beasts.
You worshipped Trog.
Trog was most pleased with you.
You were hungry.

You visited 2 branches of the dungeon, and saw 10 of its levels.

You collected 476 gold pieces.

Inventory:

Hand weapons
 b - a +1 hand crossbow
 l - a +3 falchion of electrocution
 u - a +3 quarterstaff of chaos (weapon)
Missiles
 c - 3 bolts
Armour
 o - a +0 helmet (worn)
 v - a +0 cloak (worn)
 x - a +0 pair of gloves (worn)
 y - a +3 ring mail
 I - a +0 pair of boots (worn)
 J - a +0 leather armour of poison resistance (worn)
Jewellery
 e - an amulet of guardian spirit (around neck)
 s - a cursed -2 ring of intelligence (left hand)
 t - a cursed ring of poison resistance (right hand)
Magical devices
 a - a wand of slowing (34)
 d - a wand of enslavement (12)
 D - a wand of frost (15)
 F - a wand of slowing (0)
 H - a wand of frost (13)
Scrolls
 g - a scroll of enchant weapon {unknown}
 h - 2 scrolls of immolation
 i - a scroll of amnesia {unknown}
 p - 3 scrolls of noise
 q - 4 scrolls of fog
 r - 3 scrolls of magic mapping
 w - 5 scrolls of remove curse {unknown}
Potions
 j - a potion of beneficial mutation {unknown}
 n - 2 potions of curing
Books
 B - a book of Control

   Spells                             Type                      Level
   a - Control Teleport               Charms/Translocation         4
   b - Control Undead                 Necromancy                   4
   c - Enslavement                    Hexes                        4
   d - Metabolic Englaciation         Hexes/Ice                    5
   e - Mass Confusion                 Hexes                        6
   Trog disapproves of the use of such an item.
Comestibles
 f - 7 bread rations
 z - 2 meat rations


   Skills:
 + Level 7.5 Fighting
 - Level 6.8 Crossbows
 + Level 7.1 Armour
 * Level 10.6 Dodging
 - Level 1.0 Stealth


You had 10 spell levels left.
You didn't know any spells.

Dungeon Overview and Level Annotations

Branches:
Dungeon (9/15)             Temple (0/1) D:6            Lair (1/8) D:8
    Orc: D:9-12

Altars:
Cheibriados
Elyvilon
Makhleb
Nemelex Xobeh
Okawaru
Ru
Sif Muna
Trog
Xom
The Shining One

Shops:
D:4 [   D:5 %   D:7 (

Annotations:
Lair:1 Fannar


Message History

Evoking this partially-identified wand wasted a few charges.
The blink frog closely misses you.
Evoke which item? (* to show all) (? for menu, Esc to quit)
Zapping:
d - a wand of enslavement {zapped: 2} (will waste charges)
Press: ? - help, Shift-Dir - straight line, f/p - blink frog
Aim: a blink frog The blink frog easily resists.
Evoking this partially-identified wand wasted a few charges.
The blink frog closely misses you. The blink frog misses you.
Evoke which item? (* to show all) (? for menu, Esc to quit)
Zapping:
d - a wand of enslavement {zapped: 4} (will waste charges)
Press: ? - help, Shift-Dir - straight line, f/p - blink frog
Aim: a blink frog The blink frog is charmed.
Evoking this partially-identified wand wasted a few charges.
The blink frog hits you!
* * * LOW HITPOINT WARNING * * *
Your blink frog closely misses the blink frog.
The blink frog barely misses you. The blink frog hits you!
You die...

#.......#
##.......##
#.........#
##.......##
##.......#
#........#
##.......##
#...FF...P#
##..@F...##
#.......##
#........#
#.......##
#.......#
#.......##
#........#
#.......##
##.......#


You could see 2 blink frogs and a friendly blink frog.

Vanquished Creatures
  The ghost of Johnny the Quickloader, an experienced HuHu (D:7)
  Joseph (D:7)
  A queen bee (D:8)
  Prince Ribbit (D:7)
  Eustachio (D:7)
  3 hippogriffs
  An orc warrior (D:7)
  2 water moccasins
  An ice beast (Lair:1)
  A porcupine (Lair:1)
  A yellow wasp (D:8)
  A boggart (D:6)
  5 ogres
  2 centaurs (D:5)
  A crocodile (Lair:1)
  Sigmund (D:3)
  Duvessa (D:7)
  8 giant frogs
  Blork the orc (D:5)
  2 scorpions
  13 killer bees (D:8)
  A goliath beetle (D:6)
  Dowan (D:7)
  2 crimson imps (D:5)
  3 jellies
  A giant frog zombie (D:8)
  A centaur skeleton (D:4)
  Crazy Yiuf (D:2)
  2 orc priests (D:6)
  3 hounds
  9 worker ants
  An orc wizard (D:6)
  A mummy (D:7)
  A worker ant zombie (D:7)
  8 gnolls
  15 adders
  3 worms
  A worm (shapeshifter) (D:4)
  An ufetubus (D:4)
  3 adder skeletons
  8 giant geckos
  An ooze (D:5)
  15 orcs
  13 hobgoblins
  8 jackals (D:4)
  7 kobolds
  4 quokkas
  2 ball pythons (D:1)
  14 bats
  4 giant cockroaches
  3 giant newts
  6 goblins
  3 goblin skeletons (D:4)
  2 goblin zombies (D:4)
  2 hobgoblin zombies (D:4)
  2 kobold zombies (D:4)
  An orc skeleton (D:4)
  A quokka zombie (D:5)
  14 rats
217 creatures vanquished.

Vanquished Creatures (collateral kills)
  An orc (D:6)
1 creature vanquished.

Vanquished Creatures (others)
  An orc zombie (D:6)
  A bat (D:5)
2 creatures vanquished.

Grand Total: 220 creatures vanquished

Notes
Turn   | Place    | Note
--------------------------------------------------------------
     0 | D:1      | Johnny, the Human Hunter, began the quest for the Orb.
     0 | D:1      | Reached XP level 1. HP: 16/16 MP: 1/1
   236 | D:1      | Found a sparkling altar of Nemelex Xobeh.
   375 | D:1      | Reached XP level 2. HP: 22/22 MP: 2/2
   920 | D:2      | Reached XP level 3. HP: 27/27 MP: 3/3
   950 | D:2      | Reached skill level 5 in Crossbows
  1152 | D:2      | Found a white marble altar of Elyvilon.
  1166 | D:2      | Found a snail-covered altar of Cheibriados.
  1184 | D:2      | Found a sparkling altar of Nemelex Xobeh.
  1296 | D:2      | Reached XP level 4. HP: 33/33 MP: 4/4
  1362 | D:2      | Noticed Crazy Yiuf
  1369 | D:2      | Killed Crazy Yiuf
  1443 | D:2      | Found a deep blue altar of Sif Muna.
  1504 | D:2      | Found a sacrificial altar of Ru.
  1686 | D:3      | Noticed Sigmund
  1703 | D:3      | Killed Sigmund
  1703 | D:3      | Reached skill level 6 in Crossbows
  1703 | D:3      | Reached XP level 5. HP: 25/38 MP: 2/5
  2204 | D:3      | Reached XP level 6. HP: 38/44 MP: 4/6
  2349 | D:4      | Found a glowing golden altar of the Shining One.
  2734 | D:4      | Found Evutaowk's Armour Emporium.
  2807 | D:4      | Reached skill level 1 in Armour
  3152 | D:4      | Reached XP level 7. HP: 45/51 MP: 7/7
  3489 | D:5      | Entered Level 5 of the Dungeon
  3489 | D:5      | Found a shimmering altar of Xom.
  3876 | D:5      | Noticed Blork the orc
  3891 | D:5      | Killed Blork the orc
  3891 | D:5      | Reached XP level 8. HP: 11/59 MP: 2/8
  4064 | D:5      | Reached skill level 5 in Dodging
  4150 | D:5      | Found a burning altar of Makhleb.
  4150 | D:5      | Found an iron altar of Okawaru.
  4336 | D:5      | Found Plublytz's Food Boutique.
  4382 | D:5      | Found a bloodstained altar of Trog.
  4596 | D:5      | Found a sparkling altar of Nemelex Xobeh.
  5002 | D:5      | Became a worshipper of Trog the Wrathful
  5160 | D:6      | Reached XP level 9. HP: 40/66 MP: 5/9
  5321 | D:6      | Reached skill level 7 in Dodging
  5326 | D:6      | Acquired Trog's first power
  5361 | D:6      | Reached skill level 5 in Fighting
  5395 | D:6      | Found a staircase to the Ecumenical Temple.
  5694 | D:7      | Noticed Prince Ribbit
  5873 | D:7      | Killed Prince Ribbit
  5873 | D:7      | Reached skill level 5 in Armour
  5971 | D:7      | Noticed Joseph
  5999 | D:7      | Killed Joseph
  5999 | D:7      | Reached skill level 8 in Dodging
  6175 | D:7      | Noticed Eustachio
  6183 | D:7      | Killed Eustachio
  6192 | D:7      | Noticed Johnny's ghost (experienced HuHu)
  6215 | D:7      | Killed Johnny's ghost
  6215 | D:7      | Reached skill level 9 in Dodging
  6215 | D:7      | Reached XP level 10. HP: 35/76 MP: 7/10
  6357 | D:7      | Found Saeggar's Antique Weapon Emporium.
  6519 | D:7      | Noticed Duvessa
  6519 | D:7      | Noticed Dowan
  6527 | D:7      | Killed Duvessa
  6536 | D:7      | Killed Dowan
  6784 | D:7      | Acquired Trog's second power
  7150 | D:8      | Reached skill level 10 in Dodging
  7879 | D:8      | Found a staircase to the Lair.
  7884 | Lair:1   | Entered Level 1 of the Lair of Beasts
  8335 | Lair:1   | Noticed Fannar
  8390 | Lair:1   | Reached XP level 11. HP: 58/84 MP: 8/11
  8584 | Lair:1   | Mangled by a blink frog

Action                   |  1- 3 |  4- 6 |  7- 9 | 10-12 || total
-------------------------+-------+-------+-------+-------++-------
Melee: Quarterstaff      |       |    83 |   318 |   255 ||   656
 Fire: Hand crossbow     |    60 |    45 |     5 |       ||   110
Evoke: Wand              |       |       |    22 |    17 ||    39
  Use: Potion            |       |     1 |     5 |     2 ||     8
       Scroll            |       |       |       |     9 ||     9
 Stab: Confused          |       |     1 |     2 |     1 ||     4
       Sleeping          |       |       |     3 |     2 ||     5
       Paralysed         |       |       |     5 |     2 ||     7
       Petrified         |       |       |       |     2 ||     2
  Eat: Chunk             |       |     5 |     5 |     6 ||    16
       Royal jelly       |       |     1 |       |       ||     1
       Fruit             |       |       |     2 |       ||     2
       Meat ration       |       |       |     1 |       ||     1
